 Dungeon Crawl Stone Soup version 0.21-a0-81-gc5150db (webtiles) character file.

182 qandnotyew the Ducker (level 5, -14/41 HPs)
             Began as a Ghoul Hunter on June 24, 2017.
             Demolished by an ogre
             ... wielding a +0 giant spiked club
              (21 damage)
             ... on level 5 of the Dungeon.
             The game lasted 00:04:58 (2201 turns).

qandnotyew the Ducker (Ghoul Hunter)                Turns: 2201, Time: 00:04:59

Health: -14/41     AC: 10    Str: 16    XL:     5   Next: 61%
Magic:  4/4        EV:  4    Int:  6    God:
Gold:   158        SH: 10    Dex: 10    Spells: 4/4 levels left

rFire    . . .     SeeInvis .   b - +1 hand axe
rCold    + . .     Gourm    .   g - +3 shield
rNeg     + + +     Faith    .   e - +0 chain mail
rPois    ∞         Spirit   .   (no helmet)
rElec    .         Reflect  .   (no cloak)
rCorr    .         Harm     .   t - +0 pair of gloves
MR       .....                  i - +0 pair of boots
Stlth    ..........             (no amulet)
HPRegen  0.00/turn              (no ring)
MPRegen  0.09/turn              (no ring)

@: rotting
A: rotting body, claws 1, carnivore 3, cold resistance 1, negative energy
resistance 3, inhibited regeneration, torment resistance, unbreathing
a: no special abilities


You were on level 5 of the Dungeon.
You were not hungry.

You visited 1 branch of the dungeon, and saw 5 of its levels.

You collected 158 gold pieces.

Inventory:

Hand Weapons
 a - a +1 hand crossbow
 b - a +1 hand axe (weapon)
Missiles
 d - 18 bolts
 u - 8 tomahawks (quivered)
Armour
 c - a +0 leather armour
 e - a +0 chain mail (worn)
 g - a +3 shield (worn)
 i - a +0 pair of boots (worn)
 t - a +0 pair of gloves (worn)
Scrolls
 j - 2 scrolls of enchant weapon
 p - a scroll of magic mapping
Potions
 h - a potion of curing {unknown}
 l - a potion of cancellation
 q - a potion of berserk rage {unknown}
 r - a potion of heal wounds
Comestibles
 f - a meat ration
 k - 3 royal jellies


   Skills:
 - Level 2.1 Fighting
 + Level 3.0 Axes
   Level 0.5(1.9) Maces & Flails
 - Level 3.6 Crossbows
 + Level 3.8 Dodging
 - Level 1.1 Stealth


You had 4 spell levels left.
You didn't know any spells.

Dungeon Overview and Level Annotations

Branches:
Dungeon (5/15)
 Temple: D:4-7

Altars:

Annotations:
D:3 Sigmund
D:4 Parsimony's ghost, amateur GnWn


Innate Abilities, Weirdness & Mutations

Your body is rotting away.
You thrive on raw meat.
You are immune to poison.
You have sharp fingernails.
You are carnivorous and can eat meat at any time.
Your flesh is cold resistant. (rC+)
You are immune to negative energy. (rN+++)
You do not regenerate when monsters are visible.
You are immune to unholy pain and torment.
You can survive without breathing.


Message History

The ogre hits you with a giant spiked club!
* * * LOW HITPOINT WARNING * * *
You block the bullfrog zombie's attack. You block the bullfrog zombie's attack.
The bullfrog zombie hits you but does no damage.
You block the worker ant's attack.
You open the door.
The bullfrog zombie hits you but does no damage.
The worker ant bites you.
* * * LOW HITPOINT WARNING * * *
The bullfrog zombie hits you but does no damage.
There is an open door here.
You block the worker ant's attack.
The worker ant bites you but does no damage.
The worker ant bites you.
* * * LOW HITPOINT WARNING * * *
The worker ant bites you but does no damage.
The ogre hits you with a giant spiked club!!
Ouch! That really hurt!
You die...

.............#
#.............#
#...!...<.....#
#.............#
#.............#
#.............#
#.............##
#..O...........#
#.@aZ..........#
#..a.......$.$.#
##'#############
#.# #.# #.# #.#
#.# ...


You could see an ogre, 2 worker ants and a bullfrog zombie.

Vanquished Creatures
  An orc wizard (D:3)
  Terence (D:2)
  5 gnolls
  An adder (D:3)
  An ooze (D:3)
  3 dart slugs
  3 leopard geckos
  4 orcs (D:3)
  10 bats
  3 giant cockroaches
  5 goblins
  7 hobgoblins
  2 jackals (D:2)
  A ball python (D:1)
  3 frilled lizards
  5 kobolds
  4 rats
59 creatures vanquished.

Notes
Turn   | Place    | Note
-------+----------+-------------------------------------------
     0 | D:1      | qandnotyew the Ghoul Hunter began the quest for the Orb.
     0 | D:1      | Reached XP level 1. HP: 17/17 MP: 0/0
   261 | D:1      | Reached XP level 2. HP: 24/24 MP: 1/1
   277 | D:1      | Reached skill level 1 in Axes
   596 | D:1      | Reached XP level 3. HP: 29/29 MP: 2/2
   903 | D:2      | Noticed Terence
   913 | D:2      | Killed Terence
   913 | D:2      | Reached XP level 4. HP: 33/36 MP: 3/3
  1423 | D:2      | Reached XP level 5. HP: 33/41 MP: 4/4
  1591 | D:2      | Noticed an ice beast
  2113 | D:3      | Noticed Sigmund
  2175 | D:4      | Noticed Parsimony's ghost (amateur GnWn)
  2180 | D:5      | Entered Level 5 of the Dungeon
  2180 | D:5      | Noticed an ogre
  2201 | D:5      | Demolished by an ogre

Vault maps used:
D:1:      evilmike_arrival_hilbert_curve
D:2:      uniq_terence
D:3:      uniq_sigmund
D:4:      grunt_temple_overflow_octagram, kennysheep_little_box, first_bread,
          grunt_decor_one_mirror, uniq_menkaure, uniq_edmund
D:5:      bloody_makhleb

Skill      XL: |  1  2  3  4  5 |
---------------+----------------+-----
Dodging        | 2 3 |  3.8
Axes           | 1 2 3 |  3.0
Fighting       | |  2.1
Maces & Flails | |  0.5
Crossbows      | |  3.6
Stealth        | |  1.1

Action                   |  1- 3 |  4- 6 || total
-------------------------+-------+-------++-------
Melee: Whip              |    16 |       ||    16
       Hand axe          |    41 |   135 ||   176
 Fire: Hand crossbow     |     7 |    21 ||    28
Throw: Tomahawk          |       |     2 ||     2
  Use: Scroll            |       |     6 ||     6
       Potion            |       |     1 ||     1
  Eat: Chunk             |     2 |     3 ||     5
Armor: Leather armour    |    12 |       ||    12
       Chain mail        |    22 |   139 ||   161
Dodge: Dodged            |    39 |    78 ||   117
Block: Shield            |       |    47 ||    47
